 Dungeon Crawl Stone Soup version 0.29.0-15-g675c0067aa (webtiles) character file.

Game seed: 13755592750316295547

21165 gelatine the Severer (level 12, -16/115 HPs)
             Began as a Minotaur Berserker on Sept 12, 2022.
             Was a High Priest of Trog.
             Demolished by a two-headed ogre
             ... wielding a +0 giant spiked club
              (24 damage)
             ... on level 2 of the Orcish Mines.
             The game lasted 00:46:25 (11596 turns).

gelatine the Severer (Minotaur Berserker)          Turns: 11596, Time: 00:46:26

Health: -16/115    AC: 24    Str: 33    XL:     12   Next: 51%
Magic:  0/11       EV: 11    Int:  4    God:    Trog [*****.]
Gold:   540        SH:  4    Dex: 10    Spells: 11/11 levels left

rFire   . . .      SeeInvis .   N - +4 broad axe (flame)
rCold   . . .      Faith    .   d - +0 buckler
rNeg    . . .      Spirit   +   x - +4 chain mail
rPois   .          Reflect  .   j - +2 hat
rElec   .          Harm     .   V - +2 cloak {rCorr}
rCorr   +          Rampage  .   (no gloves)
Will    +....                   W - +2 pair of boots
Stlth   ..........              n - amulet of guardian spirit
HPRegen 0.29/turn               h - +6 ring of strength
MPRegen 0.12/turn               m - ring of willpower

@: on berserk cooldown, slowed, studying Fighting, very slow
A: horns 2, retaliatory headbutt
a: Renounce Religion, Berserk, Trog's Hand, Brothers in Arms


You were on level 2 of the Orcish Mines.
You worshipped Trog.
Trog was extremely pleased with you.
You visited 3 branches of the dungeon, and saw 13 of its levels.
You also visited: Sewer and Bailey.

You collected 1048 gold pieces.
You spent 508 gold pieces at shops.

Inventory:

Hand Weapons
 f - a +4 battleaxe
 N - a +4 broad axe of flaming (weapon)
Missiles
 b - 4 silver javelins
 i - 44 poisoned darts
 w - 17 boomerangs (quivered)
 A - a curare-tipped dart
 H - 4 throwing nets
 O - 25 javelins
Armour
 d - a +0 buckler (worn)
 j - a +2 hat (worn)
 x - a +4 chain mail (worn)
 I - a +2 plate armour of positive energy
 J - a +1 ring mail of poison resistance
 R - the +1 leather armour of the Tundras {Regen+ Slay+2}
   (You took it off a gnoll on level 6 of the Dungeon)

   Slay:      It affects your accuracy & damage with ranged weapons and melee
   (+2).
   Regen:     It increases your rate of health regeneration.
 V - a +2 cloak of preservation (worn)
 W - a +2 pair of boots (worn)
Jewellery
 h - a +6 ring of strength (left hand)
 m - a ring of willpower (right hand)
 n - an amulet of guardian spirit (around neck)
 p - a ring of fire
 s - a ring of flight
 S - a ring of willpower
 X - an amulet of the acrobat
Wands
 v - a wand of paralysis (7)
 P - a wand of roots (11)
 Q - a wand of polymorph (8)
Scrolls
 k - 2 scrolls of acquirement
 o - 4 scrolls of butterflies
 y - a scroll of enchant armour
 z - 3 scrolls of blinking
 C - 3 scrolls of teleportation
 E - a scroll of magic mapping
Potions
 a - a potion of brilliance {unknown}
 e - a potion of invisibility {unknown}
 g - a potion of cancellation {unknown}
 q - 2 potions of lignification
 r - 3 potions of ambrosia
 t - 5 potions of curing
 B - 4 potions of flight
 G - a potion of berserk rage {unknown}
 K - a potion of haste {unknown}
 M - 2 potions of might {unknown}
 T - a potion of degeneration {unknown}
 Y - a potion of mutation {unknown}
 Z - a potion of heal wounds


   Skills:
 * Level 13.0 Fighting
 * Level 16.9 Axes
 + Level 1.0 Throwing
 * Level 10.1 Armour
 * Level 8.4 Dodging
 + Level 3.9 Stealth
 - Level 4.5 Shields


You had 11 spell levels left.
You didn't know any spells.
Your spell library was empty.

Dungeon Overview and Level Annotations

Branches:
Dungeon (10/15)            Temple (1/1) D:4             Orc (1/2) D:9
    Elf (0/3) Orc:2         Sewer (visited)          Bailey (visited)
   Lair: D:8-11

Altars:
Ashenzari
Cheibriados
Dithmenos
Elyvilon
Fedhas
Gozag
Hepliaklqana
Kikubaaqudgha
Makhleb
Nemelex Xobeh
Okawaru
Qazlal
Ru
Sif Muna
Trog
Uskayaw
Vehumet
Wu Jian
Xom
Yredelemnul
Zin
The Shining One

Shops:
D:5 (   D:7 [   D:9 ?   Orc:2 ?*

Annotations:
Orc:2 Jorgrun


Innate Abilities, Weirdness & Mutations

You have a pair of horns on your head.
You reflexively headbutt those who attack you in melee.


Message History

Your deep troll bites the deep troll!!
The deep troll dies!
Trog accepts your kill.
An ogre comes into view. It is wielding a +0 giant spiked club.
A two-headed ogre comes into view. It is wielding two +0 giant clubs.
The troll barely misses your deep troll. x2
The troll claws your deep troll.
Your deep troll dies!
Your deep troll's corpse disappears in a puff of smoke!
A two-headed ogre comes into view.
It is wielding a +0 giant spiked club and a +0 giant club.
The two-headed ogre barely misses you. You furiously retaliate!
You headbutt the two-headed ogre, but do no damage.
The two-headed ogre hits you but does no damage.
Your Fighting skill increases to level 13!
You hit the two-headed ogre. You burn the two-headed ogre.
The two-headed ogre is lightly wounded.
You slash the two-headed ogre! You burn the two-headed ogre.
You block the two-headed ogre's attack. The two-headed ogre misses you.
An ogre comes into view. It is wielding a +0 giant spiked club.
Jorgrun Earthshaker comes into view.
He is wielding a staff of earth and wearing a +1 robe of cold resistance.
Read: 5 scrolls of butterflies
Press: ? - help, Q - select action, (/) - cycle Dir - look around, f - activate Look: a two-headed ogre, wielding two +0 giant spiked clubs (lightly wounded)
As you read the scroll of butterflies, it crumbles to dust.
You hear the tinkle of a tiny bell.
The ogre shouts!
The two-headed ogre hits you with a +0 giant spiked club.
* * * LOW HITPOINT WARNING * * *
The two-headed ogre hits you with a +0 giant club!!
* * * LOW HITPOINT WARNING * * *
The ogre completely misses your butterfly.
An ogre comes into view. It is wielding a +0 giant club.
The ogre closely misses your butterfly. The ogre barely misses you.
You furiously retaliate!
You headbutt the ogre.
An ogre comes into view. It is wielding a +0 giant club.
The troll bites your butterfly!
Your butterfly dies!
Your butterfly disappears in a burst of colours!
The two-headed ogre hits you with a +0 giant spiked club!!
You die...

#.......)............
#..#.....).......#...
#...#....)............
##. ##.#..))).........
# #.##..))......... ..
#............. .#
#..bbbbb...... ##
.##..bbbbb......
.....b.@OO......
.....#OTOb......
###.##bbTOb...... ##
#..C........
.....{.....>
#.∩.OOOO.....
#...gO.∩....
.....OO.....


You could see Jorgrun, 4 two-headed ogres, a cyclops, 2 trolls and 8 ogres.

Vanquished Creatures
  Gastronok (D:8)
  Erica (D:8)
  3 two-headed ogres
  4 large abominations (D:10)
  A wizard (D:10)
  An orc knight (Orc:1)
  Pikel (D:8)
  2 orc sorcerers
  A kobold demonologist (D:9)
  5 trolls
  A wyvern (D:10)
  A wraith (D:10)
  14 yaks
  Grum (D:8)
  3 steam dragons (D:8)
  An acid dragon (D:10)
  A water moccasin (D:8)
  6 small abominations (D:10)
  21 orc warriors
  3 sky beasts
  9 ogres
  2 wolves (D:8)
  12 centaurs
  2 lemures (D:8)
  A phantom (D:6)
  2 kobold brigands
  2 bullfrogs
  2 scorpions (D:5)
  2 gnoll sergeants
  15 killer bees
  4 hounds
  16 orc priests
  4 iguanas
  11 orc wizards
  A merfolk siren (Sewer)
  A merfolk avatar (Sewer)
  8 gnolls
  2 river rats (Sewer)
  6 adders
  A shadow imp (D:6)
  2 white imps
  4 ufetubi
  6 worms
  2 dart slugs
  70 orcs
  17 ball pythons
  4 endoplasms
  5 giant cockroaches
  11 goblins
  6 hobgoblins
  4 jackals (D:3)
  16 kobolds
  3 quokkas
  5 bats
  6 frilled lizards
  26 rats
362 creatures vanquished.

Vanquished Creatures (collateral kills)
  A two-headed ogre (Orc:2)
  2 deep trolls (Orc:2)
  A cyclops (Orc:2)
  A troll (Orc:1)
  A large abomination (D:10)
  A small abomination (D:10)
  An ogre (Orc:2)
  An orc wizard (Orc:1)
  An orc (Orc:1)
10 creatures vanquished.

Vanquished Creatures (others)
  A wizard (D:3)
  An orc (Bailey)
2 creatures vanquished.

Grand Total: 374 creatures vanquished

Notes
Turn   | Place    | Note
-------+----------+-------------------------------------------
     0 | D:1      | gelatine the Minotaur Berserker began the quest for the
                  | Orb.
     0 | D:1      | Reached XP level 1. HP: 19/19 MP: 0/0
   103 | D:1      | Reached skill level 4 in Axes
   103 | D:1      | Reached XP level 2. HP: 23/27 MP: 1/1
   531 | D:1      | Found a faded altar of an unknown god.
   639 | D:2      | Found a glowing silver altar of Zin.
   670 | D:2      | Reached ** piety under Trog
   746 | D:2      | Reached XP level 3. HP: 22/33 MP: 0/2
  1268 | D:3      | Found a glowing golden altar of the Shining One.
  1495 | D:3      | Noticed an ogre
  1503 | D:3      | Killed an ogre
  1504 | D:3      | Reached skill level 5 in Axes
  1504 | D:3      | Reached XP level 4. HP: 10/41 MP: 0/3
  1945 | D:3      | Reached skill level 1 in Stealth
  1999 | D:3      | Reached XP level 5. HP: 45/47 MP: 4/4
  2584 | D:3      | Found a bloodstained altar of Trog.
  2588 | D:3      | Noticed a wizard
  2594 | D:3      | Killed a wizard
  2722 | D:4      | Reached skill level 6 in Axes
  2966 | D:4      | Reached *** piety under Trog
  3096 | D:4      | Found a glowing drain.
  3105 | Sewer    | Entered a sewer
  3180 | Sewer    | Reached XP level 6. HP: 52/55 MP: 5/5
  3268 | Sewer    | Reached skill level 5 in Fighting
  3311 | Sewer    | Reached **** piety under Trog
  3624 | D:4      | Found a blossoming altar of Fedhas.
  3654 | D:4      | Found a staircase to the Ecumenical Temple.
  3661 | Temple   | Entered the Ecumenical Temple
  4334 | D:5      | Entered Level 5 of the Dungeon
  4362 | D:5      | Reached skill level 7 in Axes
  4382 | D:5      | Found a shimmering altar of Xom.
  4404 | D:5      | Found an iron altar of Okawaru.
  4649 | D:5      | Found a shimmering blue altar of Sif Muna.
  4782 | D:5      | Reached XP level 7. HP: 51/61 MP: 4/6
  5134 | D:5      | Found Zaer Biro's Weapon Shop.
  5176 | D:5      | Found an opulent altar of Gozag.
  5557 | D:6      | Reached skill level 8 in Axes
  5557 | D:6      | Reached skill level 5 in Armour
  5903 | D:6      | Identified the +1 leather armour of the Tundras {Regen+
                  | Slay+2}
  5909 | D:6      | Reached XP level 8. HP: 64/70 MP: 4/7
  6233 | D:6      | Reached skill level 9 in Axes
  6266 | D:6      | Found the +7 staff of the Meek {protect, meekguard}
  6540 | D:7      | Found a radiant altar of Vehumet.
  6566 | D:7      | Found Imuesalo's Armour Shoppe.
  6575 | D:7      | Bought a +1 cloak of preservation for 198 gold pieces
  6575 | D:7      | Bought a +2 pair of boots for 198 gold pieces
  6731 | D:7      | Reached skill level 10 in Axes
  6932 | D:8      | Reached skill level 1 in Shields
  6932 | D:8      | Reached XP level 9. HP: 35/79 MP: 2/8
  6969 | D:8      | Reached skill level 11 in Axes
  6971 | D:8      | Reached skill level 5 in Dodging
  7053 | D:8      | Noticed Pikel
  7061 | D:8      | Killed Pikel
  7069 | D:8      | Noticed Gastronok
  7090 | D:8      | Killed Gastronok
  7091 | D:8      | Reached skill level 12 in Axes
  7091 | D:8      | Reached XP level 10. HP: 35/88 MP: 2/9
  7224 | D:8      | Noticed Erica
  7232 | D:8      | Killed Erica
  7245 | D:8      | Found a stormy altar of Qazlal.
  7321 | D:8      | Noticed Grum
  7334 | D:8      | Killed Grum
  7392 | D:8      | Identified the +1 ring mail of the Red Skies {Harm}
  7403 | D:8      | Reached skill level 13 in Axes
  7486 | D:8      | Found a white marble altar of Elyvilon.
  7770 | D:9      | Found Vukhog's Magic Scroll Shoppe.
  7775 | D:9      | Bought a scroll of enchant armour for 112 gold pieces
  7872 | D:9      | Found an ancient bone altar of Kikubaaqudgha.
  8050 | D:9      | Found a hazy altar of Hepliaklqana.
  8135 | D:9      | Found a staircase to the Orcish Mines.
  8193 | D:9      | Reached ***** piety under Trog
  8447 | D:10     | Entered Level 10 of the Dungeon
  8447 | D:10     | Noticed a two-headed ogre
  8455 | D:10     | Killed a two-headed ogre
  8456 | D:10     | Reached XP level 11. HP: 69/97 MP: 7/10
  8593 | D:10     | Noticed a wizard
  8603 | D:10     | Killed a wizard
  8640 | D:10     | Received a gift from Trog
  8644 | D:10     | Reached skill level 14 in Axes
  8684 | D:10     | Found a flagged portal.
  8697 | Bailey   | Entered a bailey
  9282 | Bailey   | Reached skill level 10 in Fighting
 10019 | D:10     | Found a burning altar of Makhleb.
 10235 | D:10     | Found a sacrificial altar of Ru.
 10274 | D:10     | Noticed a large abomination
 10274 | D:10     | Noticed a large abomination
 10277 | D:10     | Killed a large abomination
 10278 | D:10     | Reached skill level 15 in Axes
 10289 | D:10     | Killed a large abomination
 10578 | D:10     | Identified the +9 scimitar of Undoing {protect, rPois Str+3
                  | Int+4 Dex-2}
 10582 | D:10     | Identified the +2 robe "Pemp" {Rampage rC+ Int+2}
 10665 | D:10     | Noticed a two-headed ogre
 10673 | D:10     | Killed a two-headed ogre
 10695 | D:10     | Received a gift from Trog
 11092 | Orc:1    | Entered Level 1 of the Orcish Mines
 11093 | Orc:1    | Noticed an orc knight
 11109 | Orc:1    | Killed an orc knight
 11110 | Orc:1    | Reached XP level 12. HP: 81/110 MP: 4/11
 11304 | Orc:1    | Reached skill level 16 in Axes
 11552 | Orc:1    | You fall into a shaft and drop 1 floor!
 11552 | Orc:2    | Entered Level 2 of the Orcish Mines
 11587 | Orc:2    | Reached skill level 10 in Armour
 11587 | Orc:2    | Noticed a two-headed ogre
 11588 | Orc:2    | Noticed a two-headed ogre
 11590 | Orc:2    | Found a staircase to the Elven Halls.
 11590 | Orc:2    | Found Obyrhoy's Magic Scroll Shoppe.
 11590 | Orc:2    | Noticed a two-headed ogre
 11590 | Orc:2    | Noticed a two-headed ogre
 11590 | Orc:2    | Killed a two-headed ogre
 11591 | Orc:2    | Reached skill level 1 in Throwing
 11591 | Orc:2    | Found Ozachupli's Assorted Antiques.
 11592 | Orc:2    | Killed a two-headed ogre
 11593 | Orc:2    | Noticed an ogre mage
 11594 | Orc:2    | Noticed a two-headed ogre
 11594 | Orc:2    | Noticed a two-headed ogre
 11595 | Orc:2    | Noticed Jorgrun
 11596 | Orc:2    | Demolished by a two-headed ogre

Illustrated notes

Levels and vault maps discovered:
D:1:      lightli_arrival_windingriver, layout_basic,
          dreamdust_ecumenical_altar_hidden_monk_grotto, minivault_27
D:2:      layout_basic, basic_altar
D:3:      layout_loops_corners, tso_metal_star, trog_wizard
D:4:      minmay_razor_zed, layout_basic, marbit_many_paths,
          minmay_temple_entry_arrows, cheibrodos_sewer_entry_sluice
D:5:      layout_loops_ring, nicolae_gozag_cash_rules_everything_around_me,
          kennysheep_orc_sif_temple, mainiacjoe_overflow_catwalk,
          okawaru_gym_becter, serial_shops, shop
D:6:      layout_loops_cross, minivault_26, pf_guarded_unrand_meek
D:7:      layout_rooms, vehumet_altar_wand_db, serial_shops, shop
D:8:      nicolae_cairo_tiling_large_dashed, layout_rooms,
          mainiacjoe_overflow_six_doors_small, lemuel_doored_altar, uniq_grum,
          uniq_pikel, uniq_erica, uniq_gastronok
D:9:      layout_basic, kiku_gazebo_pond_becter, mainiacjoe_overflow_24_doors,
          orc_0_dummy, serial_shops, shop_fountains
D:10:     layout_irregular_city, kennysheep_mini_moat, old_standard_altar,
          enter_bailey_5, laboratory
Temple:   hellmonk_temple_beads
Orc:1:    layout_diamond_mine
Orc:2:    st_orc_open, layout_caves, uniq_jorgrun

Skill      XL: |  1  2  3  4  5  6  7  8  9 10 11 12 |
---------------+-------------------------------------+-----
Axes           | 4 5 6 7 8 10 12 13 15 16 | 16.9
Fighting       | 4 5 7 8 9 11 13 | 13.0
Dodging        | 3 4 5 6 7 8 |  8.4
Stealth        | 1 3 |  3.9
Armour         | 3 4 5 6 7 8 9 10 | 10.1
Shields        | 1 3 4 |  4.5
Throwing       | 1 |  1.0

Action                   |  1- 3 |  4- 6 |  7- 9 | 10-12 || total
-------------------------+-------+-------+-------+-------++-------
Melee: Hand axe          |    62 |   193 |       |       ||   255
       Headbutt          |     7 |    24 |    33 |    65 ||   129
       Punch             |     1 |     1 |     2 |       ||     4
       War axe           |       |     5 |   149 |   135 ||   289
       Battleaxe         |       |       |       |   126 ||   126
       Broad axe         |       |       |       |    75 ||    75
Throw: Dart              |     2 |     2 |       |       ||     4
       Boomerang         |       |       |     3 |     5 ||     8
Invok: Berserk           |       |       |     7 |     3 ||    10
       Trog's Hand       |       |       |     3 |     2 ||     5
       Brothers in Arms  |       |       |       |     3 ||     3
  Use: Scroll            |       |       |       |    17 ||    17
       Potion            |       |       |       |     3 ||     3
 Stab: Sleeping          |       |       |     1 |       ||     1
Armor: Animal skin       |     7 |       |       |       ||     7
       Leather armour    |    11 |     6 |    44 |    50 ||   111
       Chain mail        |       |    80 |       |    56 ||   136
       Ring mail         |       |     4 |    15 |       ||    19
       Plate armour      |       |       |       |   109 ||   109
Dodge: Dodged            |    47 |    78 |    87 |   263 ||   475
Block: Buckler           |       |       |    15 |    44 ||    59
